SA
TENNESSEE SMOKIES @ MANCELONA TORCH
05/01/2042
 
TOP OF THE 1ST
Tennessee Smokies batting - Pitching for Mancelona Torch : RHP Otton Asmus
Pitching: RHP Otton Asmus
Batting: LHB Royce Rolls 0-0: Called Strike
0-1: Ball
1-1: Ball
2-1: Bunt missed!
2-2: SINGLE (Groundball, 3D, EV 94.4 MPH)
Batting: LHB Jason Durkin 0-0: Foul Ball, location: 2F
0-1: Ball
1-1: Ball
2-1: Foul Ball, location: 2F
2-2: Strikes out swinging
Batting: SHB Rafael Villa 0-0: Ball
1-0: Ball
2-0: Ball
3-0: Called Strike
3-1: Fly out, F8 (Line Drive, 8RD, EV 92.5 MPH)
Batting: LHB Vance Lee 0-0: Ball
1-0: Called Strike
1-1: Swinging Strike
1-2: Ball
2-2: Strikes out swinging
Top of the 1st over - 0 runs, 1 hit, 0 errors, 1 left on base; Tennessee 0 - Mancelona 0
BOTTOM OF THE 1ST
Mancelona Torch batting - Pitching for Tennessee Smokies : RHP Ben Kemp
Pitching: RHP Ben Kemp
Batting: RHB Paul Sykes 0-0: Called Strike
0-1: Foul Ball, location: 2F
0-2: Foul Ball, location: 2F
0-2: Ball
1-2: Ball
2-2: Foul Ball, location: 2F
2-2: Ball
3-2: Strikes out looking
Batting: RHB Carlos Vélez 0-0: Ball
1-0: Swinging Strike
1-1: Ball
2-1: SINGLE (Flyball, 9S, EV 91.9 MPH)
Batting: RHB Rubén Jusino 0-0: Foul Ball, location: 2F
0-1: Ball
1-1: Foul Ball, location: 2F
1-2: Strikes out swinging
Batting: LHB Diego Alejandro Ureña 0-0: Ball
1-0: Swinging Strike
1-1: Foul Ball, location: 2F
1-2: SINGLE (Line Drive, 9LS, EV 93.1 MPH)
Carlos Vélez to second
Runner from 2nd tries for 3rd, SAFE, no throw by RF
Batting: RHB Joel Fagliano 0-0: Called Strike
0-1: Foul Ball, location: 2F
0-2: Strikes out looking
Bottom of the 1st over - 0 runs, 2 hits, 0 errors, 2 left on base; Tennessee 0 - Mancelona 0
TOP OF THE 2ND
Tennessee Smokies batting - Pitching for Mancelona Torch : RHP Otton Asmus
Batting: RHB Anthony Roosemont 0-0: Called Strike
0-1: Called Strike
0-2: Strikes out swinging
Batting: RHB Benigno Bachelay 0-0: Called Strike
0-1: Ball
1-1: Foul Ball, location: 2F
1-2: Strikes out looking
Batting: RHB Yoshitora Nakayama 0-0: SINGLE (Groundball, 34D, EV 95.0 MPH)
Batting: RHB Darrell MacGregor 0-0: Called Strike
0-1: SINGLE (Line Drive, 7S, EV 98.1 MPH)
Yoshitora Nakayama to second
Batting: RHB Erwan Michel 0-0: Called Strike
0-1: Ball
1-1: Called Strike
1-2: Ball
2-2: Ball
3-2: Strikes out swinging
Top of the 2nd over - 0 runs, 2 hits, 0 errors, 2 left on base; Tennessee 0 - Mancelona 0
BOTTOM OF THE 2ND
Mancelona Torch batting - Pitching for Tennessee Smokies : RHP Ben Kemp
Batting: RHB Wayne Haylock 0-0: Foul Ball, location: 2F
0-1: Called Strike
0-2: Strikes out looking
Batting: RHB Kuan Ru 0-0: Foul Ball, location: 2F
0-1: Swinging Strike
0-2: Strikes out looking
Batting: RHB Glen Stockhill 0-0: Ball
1-0: Foul Ball, location: 2F
1-1: Ball
2-1: Swinging Strike
2-2: Ball
3-2: Base on Balls
Batting: RHB Francisco Rocha 0-0: Called Strike
0-1: Ball
1-1: Ball
2-1: Foul Ball, location: 2F
2-2: Ball
3-2: Foul Ball, location: 2F
3-2: Foul Ball, location: 2F
3-2: SINGLE (Groundball, 34D, EV 98.1 MPH)
Glen Stockhill to second
Glen Stockhill to third
Batting: RHB Paul Sykes 0-0: Ball
1-0: Ball
2-0: Called Strike
2-1: Foul Ball, location: 2F
2-2: Fielders Choice at 2nd, 6-4 (Groundball, 6, EV 91.2 MPH)
Bottom of the 2nd over - 0 runs, 1 hit, 0 errors, 2 left on base; Tennessee 0 - Mancelona 0
TOP OF THE 3RD
Tennessee Smokies batting - Pitching for Mancelona Torch : RHP Otton Asmus
Batting: LHB Royce Rolls 0-0: Bunt for hit to 15S - play at first, batter OUT! 1-3
Batting: LHB Jason Durkin 0-0: Ball
1-0: Foul Ball, location: 2F
1-1: Swinging Strike
1-2: Ball
2-2: Foul Ball, location: 2F
2-2: Strikes out swinging
Batting: SHB Rafael Villa 0-0: Ball
1-0: Foul Ball, location: 2F
1-1: Swinging Strike
1-2: Ball
2-2: Strikes out swinging
Top of the 3rd over - 0 runs, 0 hits, 0 errors, 0 left on base; Tennessee 0 - Mancelona 0
BOTTOM OF THE 3RD
Mancelona Torch batting - Pitching for Tennessee Smokies : RHP Ben Kemp
Batting: RHB Carlos Vélez 0-0: Swinging Strike
0-1: Fly out, F6 (Popup, 6S, EV 74.4 MPH)
Batting: RHB Rubén Jusino 0-0: TRIPLE (Line Drive, 7D, EV 110.6 MPH)
Batting: LHB Diego Alejandro Ureña 0-0: Ground out 1-3 (Groundball, 34S, EV 75.0 MPH)
Batting: RHB Joel Fagliano 0-0: Ball
1-0: Swinging Strike
1-1: Ball
2-1: Ball
3-1: Base on Balls
Batting: RHB Wayne Haylock 0-0: Ball
1-0: Swinging Strike
1-1: Foul Ball, location: 2F
1-2: Strikes out looking
Bottom of the 3rd over - 0 runs, 1 hit, 0 errors, 2 left on base; Tennessee 0 - Mancelona 0
TOP OF THE 4TH
Tennessee Smokies batting - Pitching for Mancelona Torch : RHP Otton Asmus
Batting: LHB Vance Lee 0-0: Ball
1-0: Ball
2-0: Ball
3-0: Called Strike
3-1: Ground out 5-3 (Groundball, 56S, EV 68.8 MPH)
Batting: RHB Anthony Roosemont 0-0: Ball
1-0: Swinging Strike
1-1: Called Strike
1-2: Strikes out swinging
Batting: RHB Benigno Bachelay 0-0: Called Strike
0-1: Ball
1-1: Ball
2-1: Swinging Strike
2-2: Strikes out swinging
Top of the 4th over - 0 runs, 0 hits, 0 errors, 0 left on base; Tennessee 0 - Mancelona 0
BOTTOM OF THE 4TH
Mancelona Torch batting - Pitching for Tennessee Smokies : RHP Ben Kemp
Batting: RHB Kuan Ru 0-0: Ball
1-0: Ball
2-0: Ball
3-0: Base on Balls
Batting: RHB Glen Stockhill 0-0: Called Strike
0-1: Ball
1-1: Ball
2-1: Foul Ball, location: 2F
2-2: DOUBLE (Line Drive, 89M, EV 91.2 MPH)
Kuan Ru to third
Batting: RHB Francisco Rocha 0-0: Called Strike
0-1: Ball
1-1: Swinging Strike
1-2: Ball
2-2: Strikes out swinging
Batting: RHB Paul Sykes 0-0: Ball
1-0: Ball
2-0: Foul Ball, location: 2F
2-1: Foul Ball, location: 2F
2-2: Ball
3-2: Base on Balls
Batting: RHB Carlos Vélez 0-0: Called Strike
0-1: Called Strike
0-2: Strikes out swinging
Batting: RHB Rubén Jusino 0-0: DOUBLE (Line Drive, 9LS, EV 105.0 MPH)
Kuan Ru scores
Glen Stockhill scores
Paul Sykes to third
Batting: LHB Diego Alejandro Ureña 0-0: Ball
1-0: Called Strike
1-1: Foul Ball, location: 2F
1-2: Ball
2-2: Ball
3-2: Ground out 4-3 (Groundball, 4D, EV 77.5 MPH)
Bottom of the 4th over - 2 runs, 2 hits, 0 errors, 2 left on base; Tennessee 0 - Mancelona 2
TOP OF THE 5TH
Tennessee Smokies batting - Pitching for Mancelona Torch : RHP Otton Asmus
Batting: RHB Yoshitora Nakayama 0-0: Called Strike
0-1: Ball
1-1: Swinging Strike
1-2: Strikes out swinging
Batting: RHB Darrell MacGregor 0-0: Swinging Strike
0-1: Bunted foul
0-2: Ball
1-2: Foul Ball, location: 2F
1-2: Ball
2-2: Ball
3-2: Fly out, F7 (Flyball, 7S, EV 86.2 MPH)
Batting: RHB Erwan Michel 0-0: Ball
1-0: Swinging Strike
1-1: Ball
2-1: Ball
3-1: Called Strike
3-2: Strikes out looking and he ARGUES THE CALL AND IS TOSSED!
Top of the 5th over - 0 runs, 0 hits, 0 errors, 0 left on base; Tennessee 0 - Mancelona 2
BOTTOM OF THE 5TH
Mancelona Torch batting - Pitching for Tennessee Smokies : RHP Ben Kemp
Now at 2B: Dave Dickey
Batting: RHB Joel Fagliano 0-0: Called Strike
0-1: Ball
1-1: Called Strike
1-2: Ball
2-2: Foul Ball, location: 2F
2-2: Ball
3-2: SINGLE (Flyball, 7LS, EV 90.0 MPH)
Batting: RHB Wayne Haylock 0-0: Ball
1-0: Foul Ball, location: 2F
1-1: Foul Ball, location: 2F
1-2: Strikes out swinging
Pitching: RHP Martín Colón
Batting: RHB Kuan Ru 0-0: Grounds into double play, 5-4-3 (Groundball, 56, EV 80.0 MPH)
Bottom of the 5th over - 0 runs, 1 hit, 0 errors, 0 left on base; Tennessee 0 - Mancelona 2
TOP OF THE 6TH
Tennessee Smokies batting - Pitching for Mancelona Torch : RHP Otton Asmus
Batting: LHB Royce Rolls 0-0: Ball
1-0: Fly out, F4 (Popup, 23, EV 79.4 MPH)
Batting: LHB Jason Durkin 0-0: Ball
1-0: Ball
2-0: Ball
3-0: Base on Balls
Batting: SHB Rafael Villa 0-0: Foul Ball, location: 2F
0-1: Ball
1-1: Called Strike
1-2: Ball
2-2: Foul Ball, location: 2F
2-2: Fielders Choice at 2nd, 2-4 (Groundball, 2L, EV 68.1 MPH)
Batting: LHB Vance Lee 0-0: Foul Ball, location: 2F
0-1: Ball
1-1: Ball
2-1: SINGLE (Groundball, 6MD, EV 103.1 MPH)
Rafael Villa to second
Runner from 2nd tries for 3rd, SAFE, throw by CF made to third
Batting: RHB Anthony Roosemont 0-0: Fly out, F8 (Line Drive, 8RM, EV 93.8 MPH)
Top of the 6th over - 0 runs, 1 hit, 0 errors, 2 left on base; Tennessee 0 - Mancelona 2
BOTTOM OF THE 6TH
Mancelona Torch batting - Pitching for Tennessee Smokies : RHP Martín Colón
Batting: RHB Glen Stockhill 0-0: Ball
1-0: Ground out 6-3 (Groundball, 6, EV 106.9 MPH)
Batting: RHB Francisco Rocha 0-0: Ball
1-0: Foul Ball, location: 2F
1-1: Ball
2-1: Foul Ball, location: 2F
2-2: Strikes out swinging
Batting: RHB Paul Sykes 0-0: Ball
1-0: Called Strike
1-1: Ground out 6-3 (Groundball, 6, EV 88.8 MPH)
Bottom of the 6th over - 0 runs, 0 hits, 0 errors, 0 left on base; Tennessee 0 - Mancelona 2
TOP OF THE 7TH
Tennessee Smokies batting - Pitching for Mancelona Torch : RHP Otton Asmus
Batting: RHB Benigno Bachelay 0-0: Called Strike
0-1: Ground out 4-3 (Groundball, 4, EV 101.9 MPH)
Pitching: RHP Hirokazu Morita
Batting: RHB Yoshitora Nakayama 0-0: Foul Ball, location: 2F
0-1: Ball
1-1: Ball
2-1: Foul Ball, location: 2F
2-2: Ball
3-2: Strikes out swinging
Batting: RHB Darrell MacGregor 0-0: Called Strike
0-1: Foul Ball, location: 2F
0-2: Ball
1-2: Ball
2-2: Foul Ball, location: 2F
2-2: Foul Ball, location: 2F
2-2: Foul Ball, location: 2F
2-2: Ball
3-2: Strikes out looking
Top of the 7th over - 0 runs, 0 hits, 0 errors, 0 left on base; Tennessee 0 - Mancelona 2
BOTTOM OF THE 7TH
Mancelona Torch batting - Pitching for Tennessee Smokies : RHP Martín Colón
Batting: RHB Carlos Vélez 0-0: Ball
1-0: Ball
2-0: DOUBLE (Line Drive, 89M, EV 103.8 MPH)
Batting: RHB Rubén Jusino 0-0: Fly out, F9 (Line Drive, 9, EV 85.6 MPH)
Batting: LHB Diego Alejandro Ureña 0-0: Ball
1-0: Called Strike
1-1: Ball
2-1: Swinging Strike
2-2: Ball
3-2: Foul Ball, location: 2F
3-2: Base on Balls
Pitching: RHP Arturo Sánchez
Batting: RHB Joel Fagliano 0-0: Ball
1-0: Foul Ball, location: 2F
1-1: Ball
2-1: Ball
3-1: Base on Balls
Carlos Vélez to third
Diego Alejandro Ureña to second
Batting: RHB Wayne Haylock 0-0: SINGLE (Line Drive, 6D, EV 97.5 MPH)
Carlos Vélez scores
Diego Alejandro Ureña to third
Joel Fagliano to second
Batting: RHB Kuan Ru 0-0: SINGLE (Flyball, 4MD, EV 88.8 MPH)
Diego Alejandro Ureña scores
Joel Fagliano to third
Wayne Haylock to second
Batting: RHB Glen Stockhill 0-0: Ball
1-0: Ball
2-0: Called Strike
2-1: Ball
3-1: Base on Balls
Joel Fagliano scores
Wayne Haylock to third
Kuan Ru to second
Batting: RHB Francisco Rocha 0-0: Ball
1-0: Called Strike
1-1: Swinging Strike
1-2: DOUBLE (Line Drive, 8RXD, EV 102.5 MPH)
Wayne Haylock scores
Kuan Ru scores
Glen Stockhill to third
Batting: RHB Paul Sykes 0-0: Ball
1-0: Ball
2-0: Ball
3-0: Base on Balls
Pinch Hitting: RHB Thiago Cicerón 0-0: Ball
1-0: Ball
2-0: Ball
3-0: Base on Balls
Glen Stockhill scores
Francisco Rocha to third
Paul Sykes to second
Pitching: LHP Hugh Hudson
Batting: RHB Rubén Jusino 0-0: Foul Ball, location: 2F
0-1: DOUBLE (Line Drive, 78D, EV 106.2 MPH)
Francisco Rocha scores
Paul Sykes scores
Thiago Cicerón to third
Runner from 3rd tries for Home, SAFE, throw by LF to home
Pinch Hitting: RHB Juan Esteban Santángel 0-0: Called Strike
0-1: Foul Ball, location: 2F
0-2: Foul Ball, location: 2F
0-2: Ground out 6-3 (Groundball, 6, EV 85.6 MPH)
Pinch Hitting: LHB Matt Holman 0-0: Ball
1-0: Called Strike
1-1: Ball
2-1: Fly out, F3 (Popup, 3SF, EV 86.9 MPH)
Bottom of the 7th over - 9 runs, 5 hits, 0 errors, 1 left on base; Tennessee 0 - Mancelona 11
TOP OF THE 8TH
Tennessee Smokies batting - Pitching for Mancelona Torch : RHP Hirokazu Morita
Now at 1B: Juan Esteban Santángel
Now in LF: Thiago Cicerón
Now in RF: Matt Holman
Batting: RHB Dave Dickey 0-0: Ball
1-0: Foul Ball, location: 2F
1-1: Called Strike
1-2: Strikes out looking
Pinch Hitting: RHB Terjo Ridanpää 0-0: Ball
1-0: Ground out 6-3 (Groundball, 6, EV 91.9 MPH)
Pinch Hitting: RHB Charles Stevenson 0-0: Ball
1-0: Ball
2-0: Ball
3-0: Called Strike
3-1: Base on Balls
Batting: SHB Rafael Villa 0-0: Swinging Strike
0-1: Foul Ball, location: 2F
0-2: Ball
1-2: Strikes out swinging
Top of the 8th over - 0 runs, 0 hits, 0 errors, 1 left on base; Tennessee 0 - Mancelona 11
BOTTOM OF THE 8TH
Mancelona Torch batting - Pitching for Tennessee Smokies : LHP Hugh Hudson
Now at 1B: Jack Davis
Now in RF: Terjo Ridanpää
Batting: RHB Wayne Haylock 0-0: Ball
1-0: DOUBLE (Line Drive, 3D, EV 94.4 MPH)
Batting: RHB Kuan Ru 0-0: Ball
1-0: Foul Ball, location: 2F
1-1: Called Strike
1-2: Ball
2-2: DOUBLE (Flyball, 8RXD, EV 98.8 MPH)
Wayne Haylock scores
Batting: RHB Glen Stockhill 0-0: Called Strike
0-1: DOUBLE (Flyball, 89XD, EV 104.4 MPH)
Kuan Ru scores
Batting: RHB Francisco Rocha 0-0: Ball
1-0: Foul Ball, location: 2F
1-1: Ball
2-1: SINGLE (Groundball, 13S, EV 68.8 MPH) (infield hit)
Glen Stockhill to third
Batting: RHB Paul Sykes 0-0: Ball
1-0: Swinging Strike
1-1: Fielders Choice at 2nd, 1-4 (Groundball, P, EV 91.2 MPH)
Batting: RHB Thiago Cicerón 0-0: Fly out, F4 (Popup, 34S, EV 84.4 MPH)
Batting: RHB Rubén Jusino 0-0: Called Strike
Pickoff Throw by Catcher to First - Out!
Bottom of the 8th over - 2 runs, 4 hits, 0 errors, 1 left on base; Tennessee 0 - Mancelona 13
TOP OF THE 9TH
Tennessee Smokies batting - Pitching for Mancelona Torch : RHP Hirokazu Morita
Pinch Hitting: RHB Cleaver Greene 0-0: Ground out 4-3 (Groundball, 4M, EV 101.2 MPH)
Batting: RHB Anthony Roosemont 0-0: Ball
1-0: Fly out, F8 (Flyball, 8RD, EV 97.5 MPH)
Batting: RHB Benigno Bachelay 0-0: Foul Ball, location: 2F
0-1: Ground out 1-3 (Groundball, P, EV 73.8 MPH)
Top of the 9th over - 0 runs, 0 hits, 0 errors, 0 left on base; Tennessee 0 - Mancelona 13
Friday, March 26th, 2021 - OOTP Baseball 20.8 Build 74